cohdb
Replays
Latest Replays
All Replays
Popular Replays
Top Player Replays
Match Explorer
How It Works
Community
CoH3 Stats
Reddit
Sign in to upload your games and track your stats! →
Sign in with Steam
Match 46742642
Unlisted
Match 46742642
Overview
Messages
Build Orders
End
Engineer Squad
Selects Special Operations Battlegroup
Selects M29 Weasel Recon Vehicle
M29 Weasel Recon Vehicle
Construct Weapon Support Center
M1919 Machine Gun Team
M1919 Machine Gun Team
Engineer Squad
Infantry Support Center
Selects Raiding Flares
Construct Motor Pool
Engineer Squad
M8 Greyhound Armored Car
Selects SSF Commando Squad
SSF Commando Squad
SSF Commando Squad
Advanced Logistics
Construct Medical Station
Survival Training
JBQuib
Cpt Darling
jwalker987
BigBoss
76561199424265209
綾目
0
0
Comments
sign in to comment!
No comments posted yet!